 Dungeon Crawl Stone Soup version 0.20-a0-502-g555d78b (webtiles) character file.

95981 Amnesiac the Jinx (level 15, -4/119 HPs)
             Began as a Mummy Enchanter on Jan 20, 2017.
             Was an Initiate of Gozag.
             Slain by a spriggan
             ... wielding a +0 spear
              (11 damage)
             ... on level 2 of the Depths.
             The game lasted 01:18:57 (26741 turns).

Amnesiac the Jinx (Mummy Enchanter)                Turns: 26741, Time: 01:18:58

Health: -4/119     AC:  9    Str: 12    XL:     15   Next: 67%
Magic:  6/30       EV: 20    Int: 23    God:    Gozag
Gold:   1785       SH:  0    Dex: 15    Spells: 9/37 levels left

rFire    . . .     SeeInvis .   I - +14 plutonium sword {*Contam Stlth-}
rCold    . . .     Gourm    .   L - +2 robe {Archmagi}
rNeg     + + +     Faith    .   (shield currently unavailable)
rPois    ∞         Spirit   .   q - +0 helmet
rElec    .         Reflect  .   (no cloak)
rCorr    .         Harm     .   M - +2 pair of gloves
MR       ++...                  c - +0 pair of boots "Riali" {rC- MR+ Int+5}
Stlth    ++........             D - amulet of regeneration
Regen    0.7/turn               a - ring of protection from cold
                                o - ring of fire

@: gold aura, repel missiles
A: no food or potions, fire vulnerability, cold resistance 1, negative energy
resistance 3, torment resistance, unbreathing, in touch with death 1
a: Potion Petition, Call Merchant, Bribe Branch, Renounce Religion


You were on level 2 of the Depths.
You worshipped Gozag.
Gozag was most pleased with you.
You were not hungry.

You visited 4 branches of the dungeon, and saw 20 of its levels.

You collected 7670 gold pieces.
You spent 3881 gold pieces at shops.
You paid 2004 gold pieces to Gozag.

Inventory:

Hand Weapons
 e - a +6 blowgun
 I - the +14 plutonium sword (weapon) {*Contam Stlth-}
   (You bought it in a shop on level 15 of the Dungeon)

   It causes magical contamination when unequipped.
   It makes you less stealthy.
Missiles
 C - 8 curare-tipped needles
Armour
 c - the +0 pair of boots "Riali" (worn) {rC- MR+ Int+5}
   (You bought it in a shop on level 4 of the Dungeon)

   It affects your intelligence (+5).
   It makes you vulnerable to cold.
   It affects your resistance to hostile enchantments.
 q - a +0 helmet (worn)
 A - a +2 buckler
 L - a +2 robe of the Archmagi (worn)
 M - a +2 pair of gloves (worn)
Jewellery
 a - a ring of protection from cold (right hand)
 d - an uncursed amulet of guardian spirit
 o - a ring of fire (left hand)
 s - an uncursed ring of see invisible
 D - an amulet of regeneration (around neck)
Wands
 b - a wand of iceblast (7/15)
 r - a wand of random effects (31/48)
 u - a wand of digging (10/24)
 y - a wand of acid (7/15)
 z - a wand of polymorph (15/24)
 F - a wand of acid (3/15)
 G - a wand of lightning (9/15)
Scrolls
 f - 2 scrolls of teleportation
 g - 6 scrolls of remove curse
 h - 5 scrolls of enchant armour
 i - 3 scrolls of recharging
 j - 7 scrolls of identify
 l - 3 scrolls of amnesia
 m - 6 scrolls of enchant weapon
 n - 2 scrolls of blinking
 p - 5 scrolls of immolation
 v - 4 scrolls of fear
 w - a scroll of summoning
 B - a scroll of vulnerability
 J - 3 scrolls of fog
 K - 2 scrolls of magic mapping
Books
 x - a book of Power

   Spells                             Type                      Level
   a - Fulminant Prism                Conjuration/Hexes            4
   b - Iskenderun's Mystic Blast      Conjuration                  4
   c - Venom Bolt                     Conjuration/Poison           5
   d - Bolt of Magma                  Conjuration/Fire/Earth       5
   e - Iron Shot                      Conjuration/Earth            6
   f - Orb of Destruction             Conjuration                  7
   g - Spellforged Servitor           Conjuration/Summoning        7
Miscellaneous
 k - a phantom mirror


   Skills:
 + Level 11.4 Fighting
   Level 4.0(8.7) Short Blades
 * Level 11.8(12.0) Long Blades
 + Level 10.9 Dodging
 - Level 6.0 Stealth
 - Level 4.0 Shields
 - Level 11.5 Spellcasting
 - Level 12.0 Hexes


You had 9 spell levels left.
You knew the following spells:

 Your Spells              Type           Power        Failure   Level  Hunger
a - Dazzling Spray        Conj/Hex       ######       1%          3    N/A
b - Repel Missiles        Chrm/Air       ###...       10%         2    N/A
c - Fulminant Prism       Conj/Hex       ######....   6%          4    N/A
d - Poisonous Vapours     Pois/Air       ###...       10%         2    N/A
e - Confuse               Hex            #######.     1%          3    N/A
f - Corona                Hex            #######      1%          1    N/A
h - Mephitic Cloud        Conj/Pois/Air  ###.....     17%         3    N/A
i - Ensorcelled Hibernat  Hex/Ice        ######       1%          2    N/A
j - Blink                 Tloc           N/A          10%         2    N/A
s - Conjure Flame         Conj/Fire      ####....     17%         3    N/A
w - Tukima's Dance        Hex            #######.     1%          3    N/A

Dungeon Overview and Level Annotations

Branches:
Dungeon (15/15)            Temple (0/1) D:6            Lair (0/6) D:9
    Orc (2/2) D:12            Elf (1/3) Orc:2        Vaults (0/5) D:14
 Depths (2/5) D:15

Altars:
Ashenzari
Elyvilon
Fedhas
Gozag
Makhleb
Okawaru
Qazlal
Sif Muna
Uskayaw
Vehumet
The Shining One

Shops:
D:4 [[([:   D:6 *   D:8 *   D:14 [=   D:15 *   Orc:1 }   Orc:2 %!*=
Depths:1 %**

Portals:
Hell: Depths:1
Ziggurat: Depths:1


Innate Abilities, Weirdness & Mutations

You do not eat or drink.
Your flesh is vulnerable to fire.
You are immune to poison.
Your flesh is cold resistant. (rC+)
You are immune to negative energy. (rN+++)
You are immune to unholy pain and torment.
You can survive without breathing.
You are in touch with the powers of death.


Message History

Aiming: Dazzling Spray
Press: ? - help, Shift-Dir - straight line, f/p - spriggan rider
Aim: a spriggan rider, wielding a spear and wearing a buckler (almost dead)
You feel a surge of power!
The spray of energy hits the spriggan rider.
You kill the hornet!
The spriggan falls from its now dead mount.
The spriggan is almost dead.
The spriggan is dazzled.
The spriggan hits you with a spear!
* * * LOW HITPOINT WARNING * * *
Casting: Dazzling Spray
Confirm with . or Enter, or press ? or * to list all spells.
Aiming: Dazzling Spray
Press: ? - help, Shift-Dir - straight line, f/p - spriggan
Aim: a spriggan, wielding a spear and wearing a buckler (almost dead, blind)
You feel a surge of power!
The spray of energy misses the spriggan.
The spriggan hits you with a spear!
You die...
Your body crumbles into a pile of gold.

#..# #''### .. .....#
.###### .....#
###......#######..}
.##..#
#..##..............
###..#
#......#..#.#.###.
.....# #...#.#..###
.....# ###.#...##i.#
#''######....#..@#.##
#..####......#.#.i##
#.......###.#######
######### ###


You could see a spriggan (blind).

Vanquished Creatures
  A sphinx (shapeshifter) (Depths:1)
  2 stone giants
  8 very ugly things
  A vampire knight (Depths:1)
  Snorg (Orc:1)
  A fire dragon (Depths:2)
  A hydra (D:13)
  An ice dragon (Depths:1)
  A quicksilver dragon skeleton (Depths:2)
  An anaconda (Depths:1)
  4 centaur warriors
  10 two-headed ogres
  3 tengu warriors
  A deep troll shaman (Depths:1)
  A deep troll earth mage (D:15)
  2 orc high priests (Orc:2)
  A dancing weapon (Depths:2)
  2 ogre magi
  A spriggan berserker (Depths:1)
  2 hell knights (Depths:1)
  A sun demon (Depths:1)
  2 soul eaters (Depths:1)
  A glowing orange brain (Depths:1)
  A glowing orange brain (shapeshifter) (Depths:2)
  A shadow demon (Depths:1)
  9 deep trolls
  4 unseen horrors
  An obsidian statue (Depths:1)
  A tengu zombie (Depths:2)
  A golden dragon skeleton (Depths:2)
  3 wizards
  3 necromancers
  3 deep elf magi
  17 ugly things
  9 orc sorcerers
  3 manticores
  Maurice (D:12)
  5 cyclopes
  A guardian serpent (shapeshifter) (D:14)
  2 rust devils (Depths:1)
  A centaur skeleton (D:15)
  3 orange demons (Depths:1)
  2 spiny frogs (shapeshifter)
  A gargoyle (D:13)
  4 kobold demonologists
  A yaktaur (D:11)
  3 tengu conjurers
  An ice devil (Depths:1)
  2 meliai (D:15)
  A wind drake (shapeshifter) (Depths:1)
  3 hornets
  13 slime creatures
  7 trolls
  6 hippogriffs
  A shadow (D:14)
  A wraith (D:13)
  4 wyverns
  A water elemental (D:13)
  11 yaks
  A basilisk (D:15)
  2 steam dragons
  7 vampire mosquitoes
  A swamp worm (Depths:2)
  9 wargs
  An acid dragon (D:15)
  Menkaure (D:4)
  A soldier ant (D:12)
  Duvessa (D:4)
  3 black bears
  19 orc warriors
  6 sky beasts
  A hornet zombie (D:13)
  A phantom (D:11)
  A sky beast (shapeshifter) (D:14)
  2 eyes of draining
  7 ice beasts
  2 necrophages
  4 centaurs
  5 boggarts (Depths:1)
  19 ogres
  4 big kobolds (D:11)
  7 bullfrogs
  Dowan (D:4)
  A wyvern skeleton (D:12)
  6 scorpions
  7 howler monkeys
  26 wights
  3 electric eels (D:13)
  A bullfrog zombie (D:9)
  13 crimson imps
  A quasit (D:8)
  10 jellies
  7 iron imps (Depths:1)
  4 centaur zombies
  22 orc priests
  A bullfrog skeleton (D:11)
  6 hounds
  A gnoll shaman (D:5)
  24 orc wizards
  10 worker ants
  2 killer bee zombies
  3 hound skeletons
  5 gnolls
  9 adders
  4 shadow imps
  2 white imps (Depths:1)
  2 oozes
  An adder skeleton (D:4)
  4 worms
  2 dart slugs (D:1)
  3 leopard geckos
  63 orcs
  4 bats
  5 giant cockroaches
  8 goblins
  6 hobgoblins
  25 jackals
  15 kobolds
  5 quokkas
  2 ball pythons
  5 frilled lizards
  A jackal zombie (D:5)
  A quokka skeleton (D:8)
  A quokka zombie (D:8)
  6 rats
  A fulminant prism (Depths:1)
  5 plants (D:13)
619 creatures vanquished.

Vanquished Creatures (collateral kills)
  Frances (D:14)
  A fire giant (Depths:2)
  2 frost giants
  2 ettins
  Erolcha (D:10)
  An ogre mage (D:15)
  4 vault guards
  A two-headed ogre (D:12)
  A tengu warrior (Depths:2)
  A hell knight (Depths:1)
  An orc high priest (Orc:2)
  Sonja (D:14)
  7 orc knights
  An orc sorcerer (Orc:2)
  A red devil (Depths:1)
  2 wargs
  Edmund (D:4)
  9 orc warriors
  An ogre (D:6)
  2 bullfrogs
  4 wights (D:7)
  3 orc priests
  An orc wizard (Orc:1)
  4 orcs
53 creatures vanquished.

Vanquished Creatures (others)
  A two-headed ogre (Depths:1)
  A meliai (D:15)
  3 dancing weapons
  An orc (D:13)
  31 fulminant prisms
  18 plants (D:13)
55 creatures vanquished.

Grand Total: 727 creatures vanquished

Notes
Turn   | Place    | Note
-------+----------+-------------------------------------------
     0 | D:1      | Amnesiac the Mummy Enchanter began the quest for the Orb.
     0 | D:1      | Reached XP level 1. HP: 13/13 MP: 4/4
    67 | D:1      | Reached skill level 1 in Short Blades
   613 | D:1      | Reached skill level 3 in Hexes
   613 | D:1      | Reached XP level 2. HP: 19/19 MP: 6/6
   632 | D:2      | Found an opulent altar of Gozag.
   685 | D:2      | Became a worshipper of Gozag Ym Sagoz the Greedy
  1053 | D:1      | Reached XP level 3. HP: 21/24 MP: 5/7
  1058 | D:1      | Learned a level 3 spell: Tukima's Dance
  1062 | D:1      | Learned a level 3 spell: Confuse
  1460 | D:2      | Found a hide-covered altar of Uskayaw.
  2366 | D:3      | Reached XP level 4. HP: 28/30 MP: 0/10
  2394 | D:3      | Reached skill level 4 in Hexes
  2487 | D:3      | Learned a level 3 spell: Dazzling Spray
  2713 | D:3      | Found a stormy altar of Qazlal.
  2880 | D:3      | Found a white marble altar of Elyvilon.
  3045 | D:4      | Found Weytargh's Weapon Shop.
  3074 | D:4      | Found Byuriez's Antique Armour Emporium.
  3082 | D:4      | Bought a helmet for 103 gold pieces
  3095 | D:4      | Found Oraus's Book Boutique.
  3100 | D:4      | Bought a book of Minor Magic for 240 gold pieces
  3108 | D:4      | Found a glowing golden altar of the Shining One.
  3128 | D:4      | Noticed an ogre
  3365 | D:4      | Found a burning altar of Makhleb.
  3504 | D:4      | Reached XP level 5. HP: 23/35 MP: 1/11
  3656 | D:4      | Noticed Edmund
  3734 | D:4      | Killed Edmund
  3734 | D:4      | Reached skill level 5 in Spellcasting
  3734 | D:4      | Reached skill level 5 in Hexes
  3758 | D:4      | Reached XP level 6. HP: 36/41 MP: 1/13
  4085 | D:4      | Found Koato's Armour Boutique.
  4104 | D:4      | Found Reekebol's Armour Shoppe.
  4157 | D:4      | Noticed Duvessa
  4157 | D:4      | Noticed Dowan
  4182 | D:4      | Killed Dowan
  4611 | D:4      | Killed Duvessa
  4936 | D:4      | Reached skill level 6 in Hexes
  4936 | D:4      | Reached XP level 7. HP: 46/46 MP: 11/15
  4958 | D:4      | Noticed Menkaure
  4973 | D:4      | Killed Menkaure
  5138 | D:5      | Entered Level 5 of the Dungeon
  5350 | D:5      | Reached skill level 7 in Hexes
  6013 | D:5      | Found a blossoming altar of Fedhas.
  6149 | D:6      | Reached XP level 8. HP: 52/52 MP: 14/18
  6302 | D:6      | Reached skill level 8 in Hexes
  6586 | D:6      | Found a staircase to the Ecumenical Temple.
  6613 | D:6      | Found Tirghof's Assorted Antiques.
  6741 | D:6      | Bought 2 scrolls labeled ECETIUXTYI for 50 gold pieces
  6741 | D:6      | Bought a scroll labeled PIYMNOAMU DERU for 25 gold pieces
  6741 | D:6      | Bought a scroll labeled ECETIUXTYI for 25 gold pieces
  6741 | D:6      | Bought a scroll labeled ECETIUXTYI for 25 gold pieces
  6825 | D:4      | Bought a +2 robe of the Archmagi for 490 gold pieces
  6932 | D:6      | Found a radiant altar of Vehumet.
  7218 | D:7      | Reached skill level 5 in Stealth
  7320 | D:7      | Reached XP level 9. HP: 54/57 MP: 14/21
  8793 | D:4      | Bought a +2 buckler for 214 gold pieces
  8976 | D:8      | Found a shattered altar of Ashenzari.
  9423 | D:8      | Found Beushruul's Assorted Antiques.
  9426 | D:8      | Bought a scroll labeled KUIGIGG WIOR for 34 gold pieces
  9426 | D:8      | Bought a scroll labeled ECETIUXTYI for 34 gold pieces
  9426 | D:8      | Bought a scroll labeled ECETIUXTYI for 34 gold pieces
  9426 | D:8      | Bought a scroll labeled ECETIUXTYI for 34 gold pieces
  9779 | D:9      | Reached skill level 5 in Dodging
  9858 | D:9      | Got a scorched war axe
  9890 | D:9      | Reached skill level 1 in Shields
  9909 | D:9      | Found a deep blue altar of Sif Muna.
  9945 | D:9      | Reached XP level 10. HP: 41/63 MP: 11/22
 10403 | D:9      | Found a staircase to the Lair.
 10645 | D:10     | Entered Level 10 of the Dungeon
 10888 | D:10     | Reached skill level 1 in Fighting
 11234 | D:10     | Got a jewelled rapier
 11235 | D:10     | Identified the +8 rapier "Mucacir" {antimagic, *Contam rC- rN+++ Str+7} (You found it on level 10 of the Dungeon)
 11236 | D:10     | Identified the +10 war axe of Extermination {vamp, Str-2 Int+5 Stlth+} (You found it on level 9 of the Dungeon)
 11298 | D:10     | Noticed Erolcha
 11357 | D:10     | Killed Erolcha
 11357 | D:10     | Reached skill level 5 in Fighting
 11546 | D:11     | Noticed a manticore
 11555 | D:11     | Killed a manticore
 11796 | D:11     | Noticed a cyclops
 11813 | D:11     | Killed a cyclops
 11813 | D:11     | Reached XP level 11. HP: 81/81 MP: 16/23
 12450 | D:11     | Noticed a red ugly thing
 12478 | D:10     | Learned a level 2 spell: Repel Missiles
 12482 | D:10     | Learned a level 2 spell: Blink
 12485 | D:10     | Learned a level 2 spell: Poisonous Vapours
 12489 | D:10     | Learned a level 3 spell: Conjure Flame
 12493 | D:10     | Learned a level 3 spell: Mephitic Cloud
 12496 | D:10     | Learned a level 2 spell: Ensorcelled Hibernation
 12521 | D:11     | Killed a red ugly thing
 12683 | D:11     | Noticed a purple ugly thing
 12719 | D:11     | Killed a purple ugly thing
 13104 | D:4      | Bought the +0 pair of boots "Riali" {rC- MR+ Int+5} for 206 gold pieces
 13264 | D:12     | Killed an unseen horror
 13316 | D:12     | Noticed a brown ugly thing
 13317 | D:12     | Noticed Maurice
 13342 | D:12     | Killed Maurice
 13343 | D:12     | Killed a brown ugly thing
 13806 | D:12     | Noticed a two-headed ogre
 13812 | D:12     | Killed a two-headed ogre
 14059 | D:12     | Noticed an unseen horror
 14060 | D:12     | Killed an unseen horror
 14060 | D:12     | Reached XP level 12. HP: 47/95 MP: 22/24
 14158 | D:12     | Found a staircase to the Orcish Mines.
 14406 | Orc:1    | Entered Level 1 of the Orcish Mines
 14735 | Orc:2    | Entered Level 2 of the Orcish Mines
 14735 | Orc:2    | Found a staircase to the Elven Halls.
 14868 | Orc:2    | Reached skill level 10 in Fighting
 15342 | Orc:2    | Noticed Snorg
 15354 | Orc:1    | Reached skill level 10 in Dodging
 15652 | Orc:2    | Noticed an orc high priest
 15867 | Orc:2    | Killed an orc high priest
 16051 | Orc:2    | Noticed an orc high priest
 16080 | Orc:2    | Killed an orc high priest
 16080 | Orc:2    | Reached skill level 9 in Hexes
 16098 | Orc:2    | Noticed an orc high priest
 16172 | Orc:2    | Killed an orc high priest
 16388 | Orc:2    | Found Kynyi's Food Shoppe.
 16392 | Orc:2    | Found Poemin's Distillery.
 16398 | Orc:2    | Found Ichesih's Assorted Antiques.
 16400 | Orc:2    | Found Woriodim's Jewellery Shoppe.
 16406 | Orc:2    | Bought a scroll of teleportation for 84 gold pieces
 16418 | Orc:2    | Learned a level 4 spell: Fulminant Prism
 16448 | Elf:1    | Entered Level 1 of the Elven Halls
 16664 | Orc:1    | Reached skill level 10 in Hexes
 16773 | Orc:1    | Noticed an ettin
 16838 | Orc:1    | Killed an ettin
 16981 | Orc:1    | Killed Snorg
 16981 | Orc:1    | Reached skill level 10 in Spellcasting
 16981 | Orc:1    | Gained mutation: You are in touch with the powers of death. [Mummy growth]
 16981 | Orc:1    | Reached XP level 13. HP: 82/103 MP: 18/27
 17015 | Orc:1    | Found Cogiosucs's Quality Used Wands.
 18334 | D:13     | Reached skill level 11 in Hexes
 18936 | D:14     | Found a gate to the Vaults.
 19077 | D:14     | Noticed Sonja
 19087 | D:14     | Killed Sonja
 19732 | D:14     | Noticed Frances
 19741 | D:14     | Killed Frances
 19834 | D:14     | Reached skill level 12 in Hexes
 20046 | D:14     | Bought an uncursed ring of see invisible for 270 gold pieces
 20048 | D:15     | Entered Level 15 of the Dungeon
 20686 | D:15     | Reached XP level 14. HP: 113/113 MP: 20/29
 20938 | D:15     | Found Savyar's Changing Room.
 21038 | D:15     | Bought the +14 plutonium sword {*Contam Stlth-} for 1700 gold pieces
 21084 | D:15     | Reached skill level 1 in Long Blades
 21638 | D:15     | Found a staircase to the Depths.
 21733 | Depths:1 | Entered Level 1 of the Depths
 21742 | Depths:1 | Found Wamupryi's General Store.
 21742 | Depths:1 | Found Onok Omo's Food Shop.
 21744 | Depths:1 | Noticed a stone giant
 21820 | Depths:1 | Bought a +2 pair of gloves for 313 gold pieces
 21888 | Depths:1 | Noticed a stone giant
 21923 | Depths:1 | Found a gateway to a ziggurat.
 21932 | Depths:1 | Found an iron altar of Okawaru.
 21942 | Depths:1 | Noticed a frost giant
 21961 | Depths:1 | Killed a frost giant
 22056 | Depths:1 | Reached skill level 5 in Long Blades
 22696 | Depths:1 | Noticed a stone giant
 22986 | Depths:1 | Noticed a vampire knight
 23025 | Depths:1 | Killed a stone giant
 23295 | Depths:1 | Killed a vampire knight
 23722 | Depths:1 | Noticed a frost giant
 23722 | Depths:1 | Noticed a stone giant
 23776 | Depths:1 | Noticed a green very ugly thing
 23777 | Depths:1 | Noticed a green very ugly thing
 23777 | Depths:1 | Noticed a green very ugly thing
 23777 | Depths:1 | Noticed a green very ugly thing
 23786 | Depths:1 | Found Wevoen's Whimsical Warehouse.
 23872 | D:15     | Killed a white very ugly thing
 24138 | Depths:1 | Noticed a storm dragon
 24138 | Depths:1 | a storm dragon changed into a dire elephant
 24160 | Depths:1 | Noticed a fire giant
 24161 | Depths:1 | Killed a white very ugly thing
 24168 | Depths:1 | Noticed a sphinx
 24168 | Depths:1 | a fire giant changed into a sphinx
 24171 | Depths:1 | Killed a purple very ugly thing
 24176 | Depths:1 | Killed a white very ugly thing
 24176 | Depths:1 | Reached XP level 15. HP: 105/119 MP: 10/30
 24184 | Depths:1 | Killed a sphinx
 25036 | Depths:1 | Found a gateway to Hell.
 25138 | Depths:1 | Reached skill level 10 in Long Blades
 25403 | Depths:2 | Noticed a frost giant
 25436 | Depths:2 | Killed a frost giant
 26034 | Depths:2 | Noticed a fire giant
 26052 | Depths:2 | Killed a fire giant
 26741 | Depths:2 | Slain by a spriggan

Vault maps used:
D:1:      arrival_zaba_pyramid, minmay_tromino_v4_b
D:2:      lemuel_doored_altar, nicolae_gozag_seed_capital
D:3:      old_standard_altar, lemuel_round_altar, first_bread
D:4:      lemuel_crystal_altar, nicolae_overflow_crystal_walls, serial_shops,
          nicolae_shop_competitors_out_of_business, kennysheep_little_box, shop,
          shop, shop, uniq_edmund, uniq_menkaure, uniq_duvessa
D:5:      fedhas_altar_fruit_tree, serial_curves, eino_curves_01, eino_curves_01
D:6:      lemuel_round_altar, serial_shops, shop
D:8:      cheibrodos_ashenzari_chains, serial_shops, nicolae_shop_behind_doors
D:9:      lemuel_crystal_altar, lair_entry_dummy
D:10:     uniq_erolcha
D:11:     kennysheep_blocky_room
D:12:     minmay_orc_entry_guard_dogs, uniq_maurice
D:13:     serial_bayou, serial_bayou_shore_b, serial_bayou_shore_a,
          serial_bayou_lagoon_a, serial_bayou_pond_a
D:14:     lightli_vaults_fourway_checkpoint, uniq_sonja, uniq_frances
D:15:     grunt_enter_depths_magical_seal, minmay_misc_feat_rows,
          nicolae_transmutations_shop
Orc:1:    nicolae_for_you_no_charge
Orc:2:    st_orc_elflike, uniq_snorg
Elf:1:    minmay_elf_arrival_circle, minmay_elf_annihilation
Depths:1: enter_ziggurat_c, grunt_decor_one_mirror,
          grunt_hell_entry_demonic_statue, nicolae_alphabet_shops,
          minmay_misc_feat_chi, okawaru_ov_weapons_minmay, minmay_shoptagon
Depths:2: hangedman_box_tower, minmay_misc_feat_roman, hell_entry,
          hangedman_corner_corridor

Skill      XL: |  1  2  3  4  5  6  7  8  9 10 11 12 13 14 15 |
---------------+----------------------------------------------+-----
Short Blades   | 1 4 |  4.0
Spellcasting   | 3 4 5 6 8 10 11 | 11.5
Hexes          | 3 4 5 6 7 8 10 12 | 12.0
Stealth        | 5 6 |  6.0
Dodging        | 5 6 9 10 | 10.9
Shields        | 2 4 |  4.0
Fighting       | 6 9 10 11 | 11.4
Long Blades    | 8 11 | 11.8

Action                   |  1- 3 |  4- 6 |  7- 9 | 10-12 | 13-15 || total
-------------------------+-------+-------+-------+-------+-------++-------
Melee: Dagger            |   126 |       |       |       |       ||   126
       Short sword       |    68 |   154 |   393 |   144 |     4 ||   763
       War axe           |       |       |       |   705 |   726 ||  1431
       Triple sword      |       |       |       |       |   279 ||   279
Throw: Throwing net      |       |       |       |       |     3 ||     3
 Cast: Corona            |    12 |       |       |     1 |     7 ||    20
       Confuse           |     7 |    30 |    79 |   159 |   226 ||   501
       Tukima's Dance    |       |     3 |    11 |    29 |    27 ||    70
       Dazzling Spray    |       |     1 |     2 |     5 |    36 ||    44
       Repel Missiles    |       |       |       |     1 |     4 ||     5
       Fulminant Prism   |       |       |       |       |    32 ||    32
       Conjure Flame     |       |       |       |       |     3 ||     3
       Blink             |       |       |       |       |     6 ||     6
Invok: Potion Petition   |       |       |       |     3 |       ||     3
       Call Merchant     |       |       |       |       |     2 ||     2
Evoke: Wand              |       |       |       |     2 |     2 ||     4
  Use: Scroll            |       |     3 |     1 |    17 |     4 ||    25
 Stab: Sleeping          |     1 |     1 |    13 |    14 |     6 ||    35
       Confused          |     3 |     4 |    33 |    56 |   123 ||   219
       Distracted        |       |       |       |     5 |     4 ||     9
Armor: Ring mail         |    55 |    65 |    51 |       |       ||   171
       Robe              |       |       |    24 |   117 |   132 ||   273
Dodge: Dodged            |   107 |    95 |   187 |   523 |   691 ||  1603
       Deflected         |       |       |       |     5 |     4 ||     9
Block: Buckler           |       |       |    26 |   246 |   211 ||   483
       Rpst.: Triple sword |       |       |       |       |    34 ||    34
